 Dungeon Crawl Stone Soup version 0.18.1-48-g4cf74bf (webtiles) character file.

2229 MBI the Magician (level 9, -11/44 HPs)
             Began as a Vine Stalker Summoner on July 5, 2016.
             Was a High Priest of Ru.
             Killed from afar by Galewin's ghost (20 damage)
             ... with a bolt of negative energy
             ... on level 8 of the Dungeon.
             The game lasted 01:22:49 (9136 turns).

MBI the Magician (Vine Stalker Summoner)            Turns: 9136, Time: 01:22:57

Health: -11/44     AC: 10    Str: 12    XL:     9   Next: 36%
Magic:  0/19       EV: 12    Int: 16    God:    Ru [*****.]
Gold:   369        SH:  0    Dex: 16    Spells: 3 memorised, 14 levels left

rFire  + + .     SeeInvis .     y - +2 whip (elec)
rCold  + . .     Gourm    +     E - +3 leather armour {rF+}
rNeg   + . .     Faith    .     (no shield)
rPois  +         Spirit   +     C - +0 hat
rElec  +         Dismiss  .     o - +0 cloak
rCorr  +         Reflect  .     r - +2 pair of gloves
SustAt .         Harm     .     (no boots)
MR     +....                    g - amulet of the gourmand
Stlth  ++........               H - +3 ring of slaying
                                d - ring of positive energy

@: resistant, no scrolls, flying, heavily drained, somewhat resistant to hostile
enchantments, unstealthy
A: fangs 3, regeneration 2, magic shield, antimagic bite, no device heal 3, rot
immunity, inability to read while threatened, inability to use devices,
inability to train armour
a: Draw Out Power, Power Leap, Apocalypse, Renounce Religion


You were on level 8 of the Dungeon.
You worshipped Ru.
Ru was extremely pleased with you.
You were full.

You visited 2 branches of the dungeon, and saw 9 of its levels.

You collected 609 gold pieces.
You spent 240 gold pieces at shops.

Inventory:

Hand Weapons
 v - a +0 flail of pain
 y - a +2 whip of electrocution (weapon)
Armour
 o - a +0 cloak (worn)
 r - a +2 pair of gloves (worn)
 w - a +2 pair of gloves
 C - a +0 hat (worn)
 E - a +3 leather armour of fire resistance (worn)
 I - the +3 ring mail of Parts Unknown {rElec rPois rF- Stlth+}
   (You found it on level 7 of the Dungeon)

   It makes you vulnerable to fire.
   It insulates you from electricity.
   It protects you from poison.
   It makes you more stealthy.
Jewellery
 d - a ring of positive energy (left hand)
 g - an amulet of the gourmand (around neck)
 H - a +3 ring of slaying (right hand)
Wands
 a - a wand of acid (2/15)
 u - a wand of polymorph (24/24)
 x - a wand of confusion (25/48)
 F - a wand of polymorph (8/24)
 J - a wand of iceblast (9/15)
Scrolls
 e - 4 scrolls of remove curse
 f - 4 scrolls of identify
 n - 5 scrolls of magic mapping
 B - a scroll of teleportation
Potions
 c - 4 potions of curing {unknown}
 h - 4 potions of lignification
 k - a potion of berserk rage
 l - 2 potions of haste
 z - a potion of flight
 A - a potion of might {unknown}
 G - a potion of degeneration {unknown}
Books
 b - a book of Callings

   Spells                             Type                      Level
   a - Summon Small Mammal            Summoning                    1
   b - Call Imp                       Summoning                    2
   c - Call Canine Familiar           Summoning                    3
   d - Summon Guardian Golem          Hexes/Summoning              3
   e - Summon Lightning Spire         Summoning/Air                4
   f - Summon Ice Beast               Ice/Summoning                4
Comestibles
 i - 6 fruits
 m - 5 meat rations
 s - a royal jelly
 t - 2 bread rations
 D - a beef jerky


   Skills:
 + Level 3.0(0.7) Fighting
 * Level 3.0(0.7) Maces & Flails
 + Level 4.5(2.2) Dodging
 + Level 5.1(2.7) Stealth
 - Level 2.2(0.0) Unarmed Combat
 * Level 6.5(4.0) Spellcasting
 + Level 1.4(0.0) Hexes
 * Level 6.5(4.0) Summonings


You had 14 spell levels left.
You knew the following spells:

 Your Spells              Type           Power        Failure   Level  Hunger
a - Summon Small Mammal   Summ           ###.         4%          1    None
b - Call Canine Familiar  Summ           ###.....     14%         3    ###....
c - Summon Guardian Gole  Hex/Summ       #.......     28%         3    ###....


Dungeon Overview and Level Annotations

Branches:
Dungeon (8/15)             Temple (1/1) D:6
   Lair: D:8-11

Altars:
Cheibriados
Dithmenos
Elyvilon
Fedhas
Gozag
Kikubaaqudgha
Makhleb
Nemelex Xobeh
Okawaru
Pakellas
Qazlal
Ru
Sif Muna
Trog
Vehumet
Xom
Yredelemnul
Zin
The Shining One

Shops:
D:4 [

Annotations:
D:8 Galewin's ghost, novice DrBe


Innate Abilities, Weirdness & Mutations

You have razor-sharp teeth.
You heal very quickly.
When hurt, damage is shared between your health and your magic reserves.
Your bite disrupts and absorbs the magic of your enemies.
Potions and wands cannot restore your health.
You are immune to rotting.
You cannot read scrolls while threatened.
You cannot study or use magical devices.
You cannot train Armour skill.


Message History

That item cannot be evoked!
You aren't carrying any items that you can evoke.
Put on which piece of jewellery? (? for menu, Esc to quit)
H - a +3 ring of slaying (right hand)
Your quokka disappears in a puff of smoke!
Your hound bites Galewin's ghost but does no damage.
Galewin's ghost begins to attack, but is stunned by your will!
Your hound bites Galewin's ghost but does no damage.
It was a potion of resistance.
You feel protected. Galewin's ghost hits your hound!
Your hound dies!
Your hound's corpse disappears in a puff of smoke!
It was a potion of flight.
You feel very buoyant.
You fly up into the air.
Galewin's ghost is no longer blind.
Galewin's ghost turns its malevolent gaze towards you.
Galewin's ghost breathes negative energy at you.
The bolt of negative energy hits you! You partially resist.
You feel drained.
You die...

#.# #.# #.# #.#
#.#####.###########
#.#
#(................#
##.##
#####.#.#.#######.#
##...## ##.#.#.## #.#
#.....#####...W...#
#.#
#........##..ยง##>.#
#.#
#.....##......(...##
#.#
##...###....@......#
#.# #####
##..........# #.#
###...##...#####.####
#...# .............
##.## ............
#.................
#####.####.####### #.
# #


You could see Galewin's ghost.

Vanquished Creatures
  An orc warrior (D:7)
  A slave (D:4)
  4 centaurs (D:7)
  A phantom (D:8)
  8 worker ants
  2 ogres
  A big kobold (D:6)
  A giant frog (D:6)
  The ghost of MBI the Ruffian, a weakling MiMo of Nemelex Xobeh (D:3)
  2 crimson imps
  A giant frog zombie (D:8)
  6 hounds
  3 orc priests
  A giant frog skeleton (D:6)
  6 orc wizards
  A centaur skeleton (D:5)
  2 iguanas
  A hound skeleton (D:5)
  2 gnolls (D:5)
  13 adders
  A river rat (D:3)
  2 shadow imps
  An ooze (D:4)
  2 adder skeletons
  A worm (D:3)
  3 dart slugs
  13 orcs
  4 bats
  7 giant cockroaches
  8 goblins
  7 hobgoblins
  7 jackals
  3 ball pythons (D:3)
  4 giant newts
  A jackal skeleton (D:4)
  11 kobolds
  A quokka skeleton (D:8)
  14 rats
148 creatures vanquished.

Vanquished Creatures (collateral kills)
  Pikel (D:2)
  An ogre (D:4)
  An orc wizard (D:4)
  2 orc priests (D:6)
  A gnoll (D:5)
  An adder (D:3)
  An adder skeleton (D:4)
  A dart slug (D:4)
  A giant gecko (D:5)
  An orc (D:6)
  3 bats (D:1)
  A giant cockroach (D:4)
  A jackal (D:5)
  A kobold (D:1)
17 creatures vanquished.

Vanquished Creatures (others)
  2 slaves (D:4)
  An adder (D:4)
3 creatures vanquished.

Grand Total: 168 creatures vanquished

Notes
Turn   | Place    | Note
--------------------------------------------------------------
     0 | D:1      | MBI the Vine Stalker Summoner began the quest for the Orb.
     0 | D:1      | Reached XP level 1. HP: 9/9 MP: 4/4
   162 | D:1      | Reached XP level 2. HP: 13/13 MP: 6/6
  1002 | D:1      | Reached XP level 3. HP: 14/16 MP: 7/7
  1228 | D:2      | Found a bloodstained altar of Trog.
  1233 | D:2      | You fall through a shaft!
  1310 | D:3      | Found a sacrificial altar of Ru.
  1326 | D:3      | Became a worshipper of Ru the Awakened
  1426 | D:3      | HP: 1/24 [poisoned by an adder]
  1431 | D:3      | HP: 1/24 [poisoned by an adder]
  1644 | D:2      | Reached XP level 4. HP: 21/21 MP: 8/8
  1661 | D:2      | Learned a level 3 spell: Call Canine Familiar
  2431 | D:2      | Reached skill level 1 in Unarmed Combat
  2881 | D:3      | Found a glowing silver altar of Zin.
  2954 | D:3      | Reached XP level 5. HP: 8/25 MP: 3/9
  3180 | D:3      | Noticed MBI's ghost (weakling MiMo)
  3191 | D:3      | Reached skill level 1 in Armour
  3193 | D:3      | Killed MBI's ghost
  3513 | D:3      | Gained mutation: You heal very quickly. [Vine Stalker growth]
  3513 | D:3      | Reached XP level 6. HP: 11/29 MP: 6/10
  3523 | D:3      | Reached skill level 1 in Fighting
  3540 | D:3      | Gained mutation: You cannot train Armour skill. [Ru sacrifice]
  3540 | D:3      | Reached * piety under Ru
  3589 | D:3      | Learned a level 3 spell: Summon Guardian Golem
  3728 | D:4      | Noticed a slave
  3728 | D:4      | Noticed a slave
  3735 | D:4      | Noticed Pikel
  3736 | D:4      | Noticed a slave
  3736 | D:4      | Noticed a slave
  3759 | D:4      | Killed a slave
  3968 | D:2      | Killed Pikel
  3968 | D:2      | Reached skill level 5 in Summonings
  3968 | D:2      | Reached XP level 7. HP: 17/33 MP: 9/13
  4245 | D:4      | Found a blossoming altar of Fedhas.
  4257 | D:4      | Found Vuapuc's Armour Emporium.
  4399 | D:4      | Bought a +3 leather armour of fire resistance for 240 gold pieces
  4530 | D:4      | Reached skill level 1 in Maces & Flails
  5774 | D:5      | Entered Level 5 of the Dungeon
  5860 | D:5      | Gained mutation: You have razor-sharp teeth. [Vine Stalker growth]
  5860 | D:5      | Reached XP level 8. HP: 39/39 MP: 8/15
  6063 | D:4      | Reached skill level 1 in Hexes
  6767 | D:5      | Gained mutation: You cannot read scrolls while threatened. [Ru sacrifice]
  6767 | D:5      | Reached ** piety under Ru
  7032 | D:6      | Reached skill level 5 in Spellcasting
  7247 | D:6      | Found a staircase to the Ecumenical Temple.
  7253 | Temple   | Entered the Ecumenical Temple
  7863 | D:7      | Found a sparkling altar of Nemelex Xobeh.
  8010 | D:7      | Found a snail-covered altar of Cheibriados.
  8011 | D:7      | Found a glowing golden altar of the Shining One.
  8103 | D:7      | Reached XP level 9. HP: 35/43 MP: 19/19
  8206 | D:7      | Got a transparent ring mail
  8371 | D:7      | Found a burning altar of Makhleb.
  8371 | D:7      | Noticed a balrug
  8376 | D:7      | Noticed an orange demon
  8376 | D:7      | Noticed a hellwing
  8440 | D:7      | Gained mutation: You cannot study or use magical devices. [Ru sacrifice]
  8440 | D:7      | Reached *** piety under Ru
  8440 | D:7      | Reached **** piety under Ru
  8440 | D:7      | Reached ***** piety under Ru
  8441 | D:7      | Identified the +3 ring mail of Parts Unknown {rElec rPois rF- Stlth+} (You found it on level 7 of the Dungeon)
  8741 | D:8      | Reached skill level 5 in Stealth
  8929 | D:8      | Noticed Galewin's ghost (novice DrBe)
  9136 | D:8      | Killed from afar by Galewin's ghost

Skill      XL: |  1  2  3  4  5  6  7  8  9 |
---------------+----------------------------+-----
Dodging        | 2 3 4 |  4.5
Stealth        | 3 4 5 |  5.1
Unarmed Combat | 1 2 |  2.2
Armour         | 1 0 |  0.0
Fighting       | 1 2 3 |  3.0
Spellcasting   | 3 4 6 |  6.5
Summonings     | 5 6 |  6.5
Maces & Flails | 1 2 3 |  3.0
Hexes          | 1 |  1.4

Action                   |  1- 3 |  4- 6 |  7- 9 || total
-------------------------+-------+-------+-------++-------
Melee: Unarmed           |   209 |   276 |       ||   485
       Bite              |    66 |    70 |    78 ||   214
       Punch             |       |     1 |     1 ||     2
       Whip              |       |       |   326 ||   326
 Cast: Summon Small Mamm |     8 |     8 |    23 ||    39
       Call Canine Famil |       |     8 |    16 ||    24
       Summon Guardian G |       |     2 |     6 ||     8
Invok: Sacrifice Durabil |       |     1 |       ||     1
       Sacrifice Words   |       |       |     1 ||     1
       Sacrifice Artific |       |       |     1 ||     1
Evoke: Wand              |       |     3 |       ||     3
  Use: Scroll            |     3 |     5 |     6 ||    14
       Potion            |     2 |       |     6 ||     8
 Stab: Sleeping          |     4 |     3 |     7 ||    14
       Distracted        |       |     2 |     2 ||     4
       Invisible         |       |       |     3 ||     3
       Paralysed         |       |       |     1 ||     1
  Eat: Bread ration      |     1 |     1 |       ||     2
       Chunk             |       |    20 |    18 ||    38
Armor: Robe              |    29 |       |       ||    29
       Leather armour    |    27 |   110 |    90 ||   227
       Skin              |     4 |       |       ||     4
Dodge: Dodged            |   147 |   224 |   191 ||   562
